Selects Italian Combined Arms Battlegroup
Selects Bersaglieri Squad
Selects Vehicle Support - Secure Location
Construct Light Support Kompanie
Panzerjäger Mechanized Group
Selects Breda Model 30 Light Machine Guns
Construct Panzerarmee Kommand
Selects Semovente da 75/18 Assault Gun
Selects Carro Armato M13/40 Light Tank